TOP OF THE 1ST |
Wichita State University Shockers batting - Pitching for University of Illinois Fighting Illini : RHP Nuka Storch
|
Pitching: RHP Nuka Storch
|
|
Batting: RHB Ray Johnson
|
0-0: Ball 1-0: Foul Ball, location: 2F 1-1: Foul Ball, location: 2F 1-2: Fly out, F8 (Flyball, 8RD, EV 95.0 MPH)
|
Batting: SHB Sammar Wambugu
|
0-0: Ground out 6-3 (Groundball, 6M, EV 101.2 MPH)
|
Batting: RHB David Bousfield
|
0-0: Ground out U3 (Groundball, 3S, EV 61.9 MPH)
|
Top of the 1st over - 0 runs, 0 hits, 0 errors, 0 left on base; Wichita State University 0 - University of Illinois 0 |
BOTTOM OF THE 1ST |
University of Illinois Fighting Illini batting - Pitching for Wichita State University Shockers : RHP Jeff Blakeney
|
Pitching: RHP Jeff Blakeney
|
|
Batting: LHB Fumito Sakurai
|
0-0: Ball 1-0: SOLO HOME RUN (Flyball, 89XD, EV 111.2 MPH), Distance : 431 ft
|
Batting: RHB Alejandro Collazo
|
0-0: Foul Ball, location: 2F 0-1: Ground out 6-3 (Groundball, 56, EV 104.4 MPH)
|
Batting: LHB Bill Kovac
|
0-0: Called Strike 0-1: DOUBLE (Groundball, 3L, EV 105.6 MPH)
|
Batting: RHB Hugo Priego
|
0-0: Foul Ball, location: 2F 0-1: DOUBLE (Groundball, 3L, EV 106.2 MPH) Bill Kovac scores
|
Batting: SHB Ismael Vega
|
0-0: Ball 1-0: Foul Ball, location: 2F 1-1: Ball 2-1: Ball 3-1: Foul Ball, location: 2F 3-2: SINGLE (Groundball, 56D, EV 103.1 MPH) (infield hit) Hugo Priego to third
|
Batting: RHB Cody Leonard
|
0-0: Ball 1-0: Ball 2-0: Ball 3-0: Fly out, F8 (Flyball, 8RS, EV 76.2 MPH)
|
Batting: RHB Mustafa bin Gamali
|
0-0: Foul Ball, location: 2F 0-1: Foul Ball, location: 2F 0-2: Ball 1-2: Ball 2-2: Foul Ball, location: 2F 2-2: Strikes out swinging
|
Bottom of the 1st over - 2 runs, 4 hits, 0 errors, 2 left on base; Wichita State University 0 - University of Illinois 2 |
TOP OF THE 2ND |
Wichita State University Shockers batting - Pitching for University of Illinois Fighting Illini : RHP Nuka Storch
|
Batting: RHB Washichi Goto
|
0-0: DOUBLE (Line Drive, 3D, EV 95.0 MPH)
|
Batting: RHB Ryan LeSueur
|
0-0: Foul Ball, location: 2F 0-1: Ball 1-1: Ground out 6-3 (Groundball, 56, EV 88.8 MPH)
|
Batting: LHB Simon Barry
|
0-0: Called Strike 0-1: Foul Ball, location: 2F 0-2: Ball 1-2: Ball 2-2: Foul Ball, location: 2F 2-2: Strikes out swinging
|
Batting: RHB Larry Berge
|
0-0: Called Strike 0-1: Ball 1-1: Reached on error, E5 (Groundball, 56, EV 87.5 MPH) Washichi Goto to third
|
Batting: RHB Tony Valdez
|
0-0: Foul Ball, location: 2F 0-1: Fly out, F9 (Flyball, 9D, EV 91.2 MPH)
|
Top of the 2nd over - 0 runs, 1 hit, 1 error, 2 left on base; Wichita State University 0 - University of Illinois 2 |
BOTTOM OF THE 2ND |
University of Illinois Fighting Illini batting - Pitching for Wichita State University Shockers : RHP Jeff Blakeney
|
Batting: LHB Javy Rueda
|
0-0: Foul Ball, location: 2F 0-1: Ball 1-1: Ball 2-1: Ball 3-1: Base on Balls
|
Batting: LHB Clint Hanninen
|
0-0: Ball 1-0: Ball 2-0: Ball 3-0: Called Strike 3-1: Fly out, F7 (Flyball, 7LD, EV 100.0 MPH)
|
Batting: LHB Fumito Sakurai
|
0-0: Ball 1-0: Called Strike 1-1: SINGLE (Line Drive, 4D, EV 98.1 MPH) Javy Rueda to second
|
Batting: RHB Alejandro Collazo
|
0-0: Ball 1-0: Foul Ball, location: 2F 1-1: Ball 2-1: Fly out, F9 (Flyball, 89M, EV 87.5 MPH)
|
Batting: LHB Bill Kovac
|
0-0: Ball 1-0: Called Strike 1-1: SINGLE (Line Drive, 7S, EV 111.2 MPH) Javy Rueda to third Fumito Sakurai to second
|
Batting: RHB Hugo Priego
|
0-0: Foul Ball, location: 2F 0-1: Foul Ball, location: 2F 0-2: Fly out, F2 (Popup, 23F, EV 93.8 MPH)
|
Bottom of the 2nd over - 0 runs, 2 hits, 0 errors, 3 left on base; Wichita State University 0 - University of Illinois 2 |
TOP OF THE 3RD |
Wichita State University Shockers batting - Pitching for University of Illinois Fighting Illini : RHP Nuka Storch
|
Batting: RHB Juan Mercado
|
0-0: Ball 1-0: Foul Ball, location: 2F 1-1: Called Strike 1-2: Strikes out swinging
|
Batting: RHB Ray Johnson
|
0-0: Ball 1-0: TRIPLE (Flyball, 9LD, EV 99.4 MPH)
|
Batting: SHB Sammar Wambugu
|
0-0: Called Strike 0-1: Called Strike 0-2: Ball 1-2: Ball 2-2: Strikes out swinging
|
Batting: RHB David Bousfield
|
0-0: DOUBLE (Flyball, 8LD, EV 105.0 MPH) Ray Johnson scores
|
Batting: RHB Washichi Goto
|
0-0: Reached on error, E6 (Groundball, 6S, EV 95.0 MPH) David Bousfield to third
|
Batting: RHB Ryan LeSueur
|
0-0: Ball 1-0: Foul Ball, location: 2F 1-1: Foul Ball, location: 2F 1-2: Foul Ball, location: 2F 1-2: Ball 2-2: Foul Ball, location: 2F 2-2: Ball 3-2: Foul Ball, location: 2F 3-2: Strikes out swinging
|
Top of the 3rd over - 1 run, 2 hits, 1 error, 2 left on base; Wichita State University 1 - University of Illinois 2 |
BOTTOM OF THE 3RD |
University of Illinois Fighting Illini batting - Pitching for Wichita State University Shockers : RHP Jeff Blakeney
|
Batting: SHB Ismael Vega
|
0-0: Foul Ball, location: 2F 0-1: Ground out 6-3 (Groundball, P, EV 83.8 MPH)
|
Batting: RHB Cody Leonard
|
0-0: Called Strike 0-1: Swinging Strike 0-2: Foul Ball, location: 2F 0-2: Ball 1-2: Fly out, F8 (Flyball, 8LD, EV 103.8 MPH)
|
Batting: RHB Mustafa bin Gamali
|
0-0: DOUBLE (Line Drive, 9LM, EV 99.4 MPH)
|
Batting: LHB Javy Rueda
|
0-0: Called Strike 0-1: Ground out 4-3 (Groundball, 34, EV 81.9 MPH)
|
Bottom of the 3rd over - 0 runs, 1 hit, 0 errors, 1 left on base; Wichita State University 1 - University of Illinois 2 |
TOP OF THE 4TH |
Wichita State University Shockers batting - Pitching for University of Illinois Fighting Illini : RHP Nuka Storch
|
Batting: LHB Simon Barry
|
0-0: Fly out, F6 (Popup, 6MS, EV 60.6 MPH)
|
Pinch Hitting: RHB Oscar Mora
|
0-0: Ball 1-0: Ball 2-0: Foul Ball, location: 2F 2-1: Swinging Strike 2-2: Ball 3-2: Ground out 6-3 (Groundball, 6M, EV 100.6 MPH)
|
Batting: RHB Tony Valdez
|
0-0: Called Strike 0-1: Ground out 4-3 (Groundball, 4S, EV 84.4 MPH)
|
Top of the 4th over - 0 runs, 0 hits, 0 errors, 0 left on base; Wichita State University 1 - University of Illinois 2 |
BOTTOM OF THE 4TH |
University of Illinois Fighting Illini batting - Pitching for Wichita State University Shockers : RHP Jeff Blakeney
|
Now at 2B: Adam McMillen
|
|
Batting: LHB Clint Hanninen
|
0-0: Bunt for hit to 2R - play at first, batter safe!
|
Batting: LHB Fumito Sakurai
|
0-0: Ball 1-0: SINGLE (Line Drive, 8LS, EV 92.5 MPH) Clint Hanninen to second
|
Batting: RHB Alejandro Collazo
|
0-0: Ball 1-0: SINGLE (Groundball, 56D, EV 108.1 MPH) Clint Hanninen to third Fumito Sakurai to second
|
Pinch Hitting: LHB Hector Acosta
|
0-0: Ball 1-0: Fielders Choice at 2nd, 3-6 (Groundball, 34S, EV 90.0 MPH) Clint Hanninen scores Fumito Sakurai to third
|
Batting: RHB Hugo Priego
|
0-0: Ball 1-0: Foul Ball, location: 2F 1-1: Fly out, F9 (Flyball, 9, EV 93.8 MPH) Runner from 3rd tags up, SCORES, throw by RF
|
Batting: SHB Ismael Vega
|
0-0: Called Strike 0-1: Ball 1-1: Ball 2-1: Fly out, F9 (Flyball, 89M, EV 96.9 MPH)
|
Bottom of the 4th over - 2 runs, 3 hits, 0 errors, 1 left on base; Wichita State University 1 - University of Illinois 4 |
TOP OF THE 5TH |
Wichita State University Shockers batting - Pitching for University of Illinois Fighting Illini : RHP Nuka Storch
|
Now at C: Adrian Segovia
|
|
Now in LF: Yashiya Nakata
|
|
Batting: RHB Juan Mercado
|
0-0: Ball 1-0: Ball 2-0: Called Strike 2-1: Called Strike 2-2: Foul Ball, location: 2F 2-2: Foul Ball, location: 2F 2-2: Ball 3-2: Strikes out swinging
|
Batting: RHB Ray Johnson
|
0-0: Fly out, F3 (Line Drive, 3L, EV 68.8 MPH)
|
Batting: SHB Sammar Wambugu
|
0-0: Swinging Strike 0-1: Ball 1-1: Foul Ball, location: 2F 1-2: Strikes out swinging
|
Top of the 5th over - 0 runs, 0 hits, 0 errors, 0 left on base; Wichita State University 1 - University of Illinois 4 |
BOTTOM OF THE 5TH |
University of Illinois Fighting Illini batting - Pitching for Wichita State University Shockers : RHP Jeff Blakeney
|
Now in LF: Aaron Sartini
|
|
Now in CF: Sammar Wambugu
|
|
Batting: RHB Cody Leonard
|
0-0: SINGLE (Groundball, 56, EV 106.2 MPH)
|
Batting: LHB Yashiya Nakata
|
0-0: Called Strike Cody Leonard steals 2nd base 0-1: Ball 1-1: Ball 2-1: Ball 3-1: Fly out, F8 (Flyball, 8RM, EV 90.0 MPH)
|
Pitching: RHP Finlay Clamp
|
|
Batting: LHB Javy Rueda
|
0-0: Called Strike 0-1: Called Strike 0-2: Fly out, F8 (Flyball, 8RS, EV 86.9 MPH)
|
Pinch Hitting: SHB Chris Handelman
|
0-0: Called Strike 0-1: Foul Ball, location: 2F 0-2: Ball 1-2: Strikes out swinging
|
Bottom of the 5th over - 0 runs, 1 hit, 0 errors, 1 left on base; Wichita State University 1 - University of Illinois 4 |
TOP OF THE 6TH |
Wichita State University Shockers batting - Pitching for University of Illinois Fighting Illini : RHP Nuka Storch
|
Now at 2B: Chris Handelman
|
|
Pinch Hitting: LHB Ethan Ware
|
0-0: Called Strike 0-1: Ball 1-1: Ball 2-1: TRIPLE (Flyball, 89XD, EV 90.6 MPH)
|
Pinch Hitting: RHB Terry Cisneros
|
0-0: Ball 1-0: Called Strike 1-1: Fly out, F6 (Line Drive, 6, EV 72.5 MPH)
|
Batting: RHB Aaron Sartini
|
0-0: Called Strike 0-1: Fly out, F8 (Flyball, 8LD, EV 103.8 MPH) Runner from 3rd tags up, OUT at HOME! 8-2
|
Top of the 6th over - 0 runs, 1 hit, 0 errors, 0 left on base; Wichita State University 1 - University of Illinois 4 |
BOTTOM OF THE 6TH |
University of Illinois Fighting Illini batting - Pitching for Wichita State University Shockers : RHP Finlay Clamp
|
Now at 1B: Terry Cisneros
|
|
Now at SS: Ethan Ware
|
|
Pinch Hitting: LHB Andrew Barzee
|
0-0: SINGLE (Groundball, 3D, EV 103.8 MPH)
|
Batting: RHB Alejandro Collazo
|
0-0: Called Strike 0-1: Ball 1-1: Foul Ball, location: 2F 1-2: Grounds into double play, 5-4-3 (Groundball, 5, EV 86.9 MPH)
|
Batting: RHB Adrian Segovia
|
0-0: Called Strike 0-1: SINGLE (Groundball, 6MD, EV 102.5 MPH)
|
Batting: RHB Hugo Priego
|
0-0: Called Strike 0-1: Foul Ball, location: 2F 0-2: Ball 1-2: Ball 2-2: 2-RUN HOME RUN (Flyball, 9D, EV 98.1 MPH), Distance : 379 ft
|
Pinch Hitting: SHB Miguel Perez
|
0-0: Called Strike 0-1: Called Strike 0-2: Ball 1-2: Strikes out swinging
|
Bottom of the 6th over - 2 runs, 3 hits, 0 errors, 0 left on base; Wichita State University 1 - University of Illinois 6 |
TOP OF THE 7TH |
Wichita State University Shockers batting - Pitching for University of Illinois Fighting Illini : RHP Nuka Storch
|
Pitching: RHP Juan Gutierrez
|
|
Now at 1B: Paul Pastrano
|
|
Now in RF: Andrew Barzee
|
|
Pinch Hitting: RHB Tony Gonzales
|
0-0: Ball 1-0: Ball 2-0: Foul Ball, location: 2F 2-1: Ball 3-1: Ground out 2-3 (Groundball, 2L, EV 71.2 MPH)
|
Batting: RHB Adam McMillen
|
0-0: Foul Ball, location: 2F 0-1: Ball 1-1: Swinging Strike 1-2: Strikes out swinging
|
Batting: RHB Tony Valdez
|
0-0: Called Strike 0-1: Fly out, F9 (Flyball, 9, EV 94.4 MPH)
|
Top of the 7th over - 0 runs, 0 hits, 0 errors, 0 left on base; Wichita State University 1 - University of Illinois 6 |
BOTTOM OF THE 7TH |
University of Illinois Fighting Illini batting - Pitching for Wichita State University Shockers : RHP Finlay Clamp
|
Now at 3B: Tony Gonzales
|
|
Batting: RHB Cody Leonard
|
0-0: Swinging Strike 0-1: Ball 1-1: Ball 2-1: Ball 3-1: Foul Ball, location: 2F 3-2: Fly out, F9 (Flyball, 9, EV 88.8 MPH)
|
Batting: LHB Yashiya Nakata
|
0-0: Called Strike 0-1: Foul Ball, location: 2F 0-2: Fly out, F7 (Flyball, 7D, EV 101.9 MPH)
|
Batting: LHB Javy Rueda
|
0-0: Ball 1-0: Ground out 1-3 (Groundball, 13S, EV 61.2 MPH)
|
Bottom of the 7th over - 0 runs, 0 hits, 0 errors, 0 left on base; Wichita State University 1 - University of Illinois 6 |
TOP OF THE 8TH |
Wichita State University Shockers batting - Pitching for University of Illinois Fighting Illini : RHP Juan Gutierrez
|
Pitching: RHP Euan Irvine
|
|
Batting: RHB Juan Nieves
|
0-0: Ground out 4-3 (Groundball, 4, EV 82.5 MPH)
|
Pinch Hitting: RHB Butch Huskey
|
0-0: Ball 1-0: Ball 2-0: Foul Ball, location: 2F 2-1: SINGLE (Groundball, 6D, EV 94.4 MPH)
|
Pinch Hitting: RHB Emilio Guerra
|
0-0: Swinging Strike 0-1: Swinging Strike 0-2: Ball 1-2: Strikes out swinging
|
Batting: LHB Ethan Ware
|
0-0: Swinging Strike 0-1: Ball 1-1: Swinging Strike 1-2: Ball 2-2: SINGLE (Line Drive, 56, EV 95.0 MPH) Butch Huskey to second
|
Pinch Hitting: RHB Jayden Lindsey
|
0-0: Ball 1-0: Hit by Pitch Butch Huskey to third Ethan Ware to second
|
Pinch Hitting: RHB John Hunt
|
0-0: Ball 1-0: Foul Ball, location: 2F 1-1: Ball 2-1: Foul Ball, location: 2F 2-2: Strikes out swinging
|
Top of the 8th over - 0 runs, 2 hits, 0 errors, 3 left on base; Wichita State University 1 - University of Illinois 6 |
BOTTOM OF THE 8TH |
University of Illinois Fighting Illini batting - Pitching for Wichita State University Shockers : RHP Finlay Clamp
|
Pitching: RHP Fikre Taalib
|
|
Now at 1B: John Hunt
|
|
Now in LF: Henry Huezo
|
|
Now in CF: Emilio Guerra
|
|
Now in RF: Butch Huskey
|
|
Batting: SHB Chris Handelman
|
0-0: Called Strike 0-1: Fly out, F8 (Flyball, 8RXD, EV 93.8 MPH)
|
Batting: LHB Andrew Barzee
|
0-0: Called Strike 0-1: Fly out, F7 (Flyball, 7S, EV 90.6 MPH)
|
Batting: RHB Alejandro Collazo
|
0-0: Fly out, F6 (Line Drive, 6D, EV 68.1 MPH)
|
Bottom of the 8th over - 0 runs, 0 hits, 0 errors, 0 left on base; Wichita State University 1 - University of Illinois 6 |
TOP OF THE 9TH |
Wichita State University Shockers batting - Pitching for University of Illinois Fighting Illini : RHP Euan Irvine
|
Pitching: RHP Gustavo Garza
|
|
Pinch Hitting: RHB Mick Vaught
|
0-0: Ball 1-0: Swinging Strike 1-1: Called Strike 1-2: Ball 2-2: DOUBLE (Line Drive, 8LD, EV 104.4 MPH)
|
Pinch Hitting: RHB Jonathan Bruni
|
0-0: Swinging Strike 0-1: Ball Wild Pitch! Mick Vaught to third 1-1: Ball 2-1: Swinging Strike 2-2: Strikes out swinging
|
Pinch Hitting: RHB Matt Derry
|
0-0: Called Strike 0-1: Foul Ball, location: 2F 0-2: Strikes out looking
|
Batting: RHB Juan Nieves
|
0-0: Ball 1-0: Ball 2-0: Foul Ball, location: 2F 2-1: SINGLE (Groundball, 34D, EV 102.5 MPH) Mick Vaught scores
|
Batting: RHB Butch Huskey
|
0-0: 2-RUN HOME RUN (Flyball, 78XD, EV 108.1 MPH), Distance : 438 ft
|
Pinch Hitting: RHB Bill Christiansen
|
0-0: Ball 1-0: Foul Ball, location: 2F 1-1: Foul Ball, location: 2F 1-2: Ground out 6-3 (Groundball, 6M, EV 81.2 MPH)
|
Top of the 9th over - 3 runs, 3 hits, 0 errors, 0 left on base; Wichita State University 4 - University of Illinois 6 |
|